 Dungeon Crawl Stone Soup version 0.25-a0-404-gc1b5a34292 (webtiles) character file.

Game seed: 3759725678302029737, levelgen mode: deterministic

128 Jerej03 the Chiller (level 5, -7/38 HPs)
             Began as a Ghoul Ice Elementalist on Jan 11, 2020.
             Killed by divine providence
             ... invoked by an orc priest
              (9 damage)
             ... on level 3 of the Dungeon.
             The game lasted 00:21:08 (2414 turns).

Jerej03 the Chiller (Ghoul Ice Elementalist)        Turns: 2414, Time: 00:21:09

Health: -7/38      AC:  9    Str: 12    XL:     5   Next: 11%
Magic:  1/8        EV:  9    Int: 11    God:
Gold:   238        SH:  0    Dex:  9    Spells: 4/9 levels left

rFire    . . .     SeeInvis +   g - +0 spear
rCold    + . .     Gourm    .   (no shield)
rNeg     + + +     Faith    .   k - +1 scale mail
rPois    ∞         Spirit   .   h - +1 helmet
rElec    .         Reflect  .   (no cloak)
rCorr    .         Harm     .   (no gloves)
MR       .....                  (no boots)
Stlth    ..........             (no amulet)
HPRegen  0.00/turn              e - ring of see invisible
MPRegen  0.11/turn              (no ring)

@: rotting
A: rotting body, claws 1, carnivore, cold resistance 1, negative energy
resistance 3, inhibited regeneration, torment resistance, unbreathing
a: no special abilities


You were on level 3 of the Dungeon.
You were not hungry.

You visited 1 branch of the dungeon, and saw 3 of its levels.

You collected 238 gold pieces.

Inventory:

Hand Weapons
 g - a +0 spear (weapon)
Armour
 h - a +1 helmet (worn)
 k - a +1 scale mail (worn)
Jewellery
 e - a ring of see invisible (left claw)
Scrolls
 d - 2 scrolls of teleportation
 i - 4 scrolls of remove curse
 j - 2 scrolls of identify
Potions
 b - 3 potions of curing
 l - a potion of agility
Comestibles
 c - 2 rations


   Skills:
 + Level 0.2 Fighting
 + Level 0.5 Polearms
 + Level 0.5 Armour
 + Level 2.1 Dodging
 + Level 2.6 Stealth
 + Level 0.7 Unarmed Combat
 + Level 2.8 Spellcasting
 + Level 5.3 Ice Magic


You had 4 spell levels left.
You knew the following spells:

 Your Spells              Type           Power        Failure   Level  Hunger
a - Freeze                Ice            ##..         16%         1    #......
b - Hailstorm             Conj/Ice       #.......     99%         4    #####..

Your spell library contained the following spells:

 Spells                   Type           Power        Failure   Level  Hunger
 Ozocubu's Armour         Chrm/Ice       #.......     82%         3    ###....
 Summon Ice Beast         Ice/Summ       #.......     99%         4    #####..


Dungeon Overview and Level Annotations

Branches:
Dungeon (3/15)

Altars:
Nemelex Xobeh


Innate Abilities, Weirdness & Mutations

Your body is rotting away.
You thrive on raw meat.
You are immune to poison.
You have sharp fingernails.
You are carnivorous and can eat meat at any time.
Your flesh is cold resistant. (rC+)
You are immune to negative energy. (rN+++)
You do not regenerate when monsters are visible.
You are immune to unholy pain and torment.
You can survive without breathing.


Message History

The orc priest misses you.
You hit the orc priest but do no damage.
The orc priest is severely wounded.
The orc priest miscasts a cantrip.
Eat a chunk of flesh? (ye/n/q)
You eat the chunk of flesh.
This raw flesh tastes great!
The orc priest hits you.
You hit the orc priest but do no damage.
The orc priest is severely wounded.
The orc priest misses you.
You closely miss the orc priest.
The orc priest is severely wounded.
The orc priest mumbles some strange prayers to Beogh against you.
Beogh smites you!
* * * LOW HITPOINT WARNING * * *
You eat one of the 3 rations.
That ration really hit the spot!
The orc priest barely misses you.
The orc priest mumbles some strange prayers to Beogh against you.
Beogh smites you!
You die...

#... #.## #... ####
##### ******#####
#...##########...,,.....
#...#..@.o.......,,.....
#...#.######.....**#####
#...#.# *,,...*
#...#.### *,,,,.*######
#.......# **#.#**#.....
##......# #.# #.....
#......# #.# #.....
#...(..# #.# #.....
********* #......# #.#
######


You could see an orc priest.

Vanquished Creatures
  3 gnolls (D:3)
  4 adders
  An ooze (D:2)
  A worm (D:3)
  A dart slug (D:3)
  A leopard gecko (D:1)
  3 orcs (D:3)
  A ball python (D:1)
  6 bats
  2 giant cockroaches
  5 goblins
  7 hobgoblins
  3 frilled lizards
  6 kobolds
  8 rats
52 creatures vanquished.

Notes
Turn   | Place    | Note
-------+----------+-------------------------------------------
     0 | D:1      | Jerej03 the Ghoul Ice Elementalist began the quest for the
                  | Orb.
     0 | D:1      | Reached XP level 1. HP: 14/14 MP: 2/2
   403 | D:1      | Reached XP level 2. HP: 19/19 MP: 1/3
   956 | D:2      | Reached XP level 3. HP: 14/26 MP: 1/5
  1065 | D:2      | Reached skill level 5 in Ice Magic
  1541 | D:2      | Reached XP level 4. HP: 32/33 MP: 0/6
  1547 | D:2      | Learned a level 4 spell: Hailstorm
  1547 | D:2      | Found a sparkling altar of Nemelex Xobeh.
  2351 | D:3      | Reached XP level 5. HP: 13/38 MP: 2/8
  2414 | D:3      | Killed from afar by an orc priest

Levels and vault maps discovered:
D:1:      dpeg_arrival_tiny_i, layout_basic, feat_on_display
D:2:      layout_basic, nemelex_xobeh_ov_fountains_minmay,
          serial_co_window_serial, co_window_paths_a,
          co_window_of_opportunity_a, co_window_corner_a, co_window_paths_a,
          co_window_paths_a, co_window_paths_b, co_window_cross_1,
          co_window_of_opportunity_b, co_window_2corner, co_window_2corner,
          co_window_broadway_b, co_window_paths_d, glass_columns_a,
          glass_columns_c
D:3:      layout_basic, first_ration

Skill      XL: |  1  2  3 |
---------------+----------+-----
Spellcasting   | 2 |  2.8
Dodging        | 2 |  2.1
Ice Magic      | 5 |  5.3
Fighting       | |  0.2
Polearms       | |  0.5
Armour         | |  0.5
Stealth        | |  2.6
Unarmed Combat | |  0.7

Action                   |  1- 3 |  4- 6 || total
-------------------------+-------+-------++-------
Melee: Unarmed           |    57 |       ||    57
       Spear             |    87 |    54 ||   141
 Cast: Freeze            |    19 |    31 ||    50
  Use: Potion            |     6 |     1 ||     7
       Scroll            |     7 |     2 ||     9
 Stab: Sleeping          |     1 |       ||     1
  Eat: Chunk             |    11 |    11 ||    22
       Ration            |     1 |     1 ||     2
Armor: Robe              |     6 |       ||     6
       Scale mail        |    67 |    43 ||   110
Dodge: Dodged            |    79 |    38 ||   117

Table legend:
 A = Non-vault XP
 B = Vault XP
 C = Vault XP percentage of total XP
 D = Non-vault monster count
 E = Vault monster count
 F = Vault count percentage of total count
                 A         B        C        D         E       F
            +---------+---------+-------+---------+---------+-------
      Total |     183 |       0 |   0.0 |      52 |       0 |   0.0
            +---------+---------+-------+---------+---------+-------
        D:1 |      22 |       0 |   0.0 |      13 |       0 |   0.0
        D:2 |      79 |       0 |   0.0 |      24 |       0 |   0.0
        D:3 |      82 |       0 |   0.0 |      15 |       0 |   0.0
            +---------+---------+-------+---------+---------+-------
